[Event "3rd Kolkata GM Open 2018"]
[Site "Kolkata"]
[Date "2018.05.16"]
[Round "3"]
[White "Dixit, Nikhil"]
[Black "Nitin Shankar Madhu"]
[Result "0-1"]
[ECO "B27"]
[WhiteElo "2271"]
[BlackElo "1971"]
[Annotator "NA"]
[PlyCount "66"]
[EventDate "2018.??.??"]
[EventType "swiss"]
[EventCountry "IND"]
[SourceTitle "playchess.com"]
[Source "ChessBase"]
[SourceQuality "1"]
[TimeControl "5400+30"]

1. e4 c5 2. Nf3 b6 3. d4 cxd4 4. Nxd4 Bb7 5. Nc3 e6 {[%emt 0:00:00] B27: Sicilian: 2 Nf3, unusual Black 2nd moves} (5... a6 6. g3 e6 7. Bg2 Nf6 8. O-O Qc7 9. Re1 d6 10. Nd5 Nxd5 11. exd5 e5 12. f4 Nd7 13. fxe5 Nxe5 {0-1 (59) Safarli,E (2639)-Ponkratov,P (2613) Riadh 2017}) 6. Ndb5 d6 (6... Nc6 $16) 7. Bf4 e5 8. Nd5 Na6 9. Nd4 $146 ({Predecessor:} 9. Be3 $18 Be7 10. Nxe7 Kxe7 11. Nc3 Nf6 12. Bg5 Nc7 13. Bc4 {½-½ (22) Salai,L (2373)-Hera,I (2380) Slovakia 2005}) 9... Nc5 10. Bb5+ Nd7 11. Bg5 $2 (11. Nc6 $14 {stays ahead.} Bxc6 12. Bxc6) 11... Qxg5 12. Nc7+ Ke7 13. Nf5+ {[%emt 0:05:59] [#]} Kd8 $1 14. Nxa8 Qxg2 15. Ng3 Qh3 16. Qf3 Ngf6 17. Qc3 Bxa8 18. Bc6 Bxc6 19. Qxc6 g6 20. O-O-O Qe6 21. Kb1 h5 22. h4 Ke7 $19 23. f4 exf4 24. Ne2 Ne5 25. Qa8 Qd7 26. Nxf4 Bg7 27. Nd5+ Nxd5 28. Qxd5 Rc8 29. Rhf1 Rc5 30. Qd2 Qe6 31. Qb4 Nc4 32. Rd5 Ne3 33. Re1 Nxc2 0-1